[Event "Team 45 45 League T79"]
[Site "Internet Chess Club"]
[Date "2019.02.04"]
[Round "6"]
[White "primerpaso"]
[Black "Percival"]
[Result "1/2-1/2"]
[WhiteElo "1847"]
[BlackElo "1956"]
[Opening "English opening"]
[ECO "A16"]
[Time "20:13:50"]
[TimeControl "2700+45"]

1. c4 Nf6 2. Nc3 c6 3. g3 d5 4. cxd5 cxd5 5. d4 Nc6 6. Bg2 Bf5 7. Nf3 e6 8. O-O
Bd6 9. Bf4 Bxf4 10. gxf4 O-O 11. Ne5 Qb6 12. Nxc6 Qxc6 13. Rc1 Qd7 14. Qa4 Qxa4
15. Nxa4 Rac8 16. b3 b6 17. Rfd1 Bc2 18. Rd2 Bf5 19. Rdd1 Bc2 20. Rd2 Bf5 {Game
drawn by mutual agreement} 1/2-1/2

[Event "Team 45 45 League T79"]
[Site "Internet Chess Club"]
[Date "2019.02.04"]
[Round "6"]
[White "Knight77"]
[Black "Portola"]
[Result "0-1"]
[WhiteElo "1778"]
[BlackElo "1788"]
[Opening "Réti: King's Indian attack (Barcza system)"]
[ECO "A07"]
[Time "07:15:37"]
[TimeControl "2700+45"]

1. Nf3 d5 2. g3 c6 3. Bg2 Bf5 4. d3 h6 5. Nbd2 Nf6 6. O-O e6 7. e4 dxe4 8. Nh4
Bg4 9. f3 Bc5+ 10. Kh1 exf3 11. Bxf3 Bh3 12. Re1 O-O 13. Ne4 Nxe4 14. Rxe4 Nd7
15. d4 Be7 16. Ng2 Bf5 17. Re1 Nf6 18. Be3 Qc7 19. Qd2 Nh7 20. h4 Qxg3 21. Qf2
Qxf2 22. Bxf2 Nf6 23. Ne3 Bh7 24. c3 Ne4 25. Bg1 Bxh4 26. Red1 Ng5 27. Be2 Be4+
28. Kh2 Bf3 29. Rd2 Bxe2 30. Rxe2 Nf3+ 31. Kg2 Nxg1 32. Rxg1 Rad8 33. Ng4 Rd5
34. Kh3 Rh5 35. Kg2 f5 36. Ne5 Rg5+ 37. Kf1 Rxg1+ {White resigns} 0-1

[Event "Team 45 45 League T79"]
[Site "Internet Chess Club"]
[Date "2019.02.02"]
[Round "6"]
[White "kabindra"]
[Black "Covenanteer"]
[Result "1-0"]
[WhiteElo "1628"]
[BlackElo "1567"]
[Opening "Sicilian: closed, 2...Nc6"]
[ECO "B23"]
[Time "18:08:35"]
[TimeControl "2700+45"]

1. e4 c5 2. Nc3 Nc6 3. Bb5 Nd4 4. Bc4 e6 5. Nf3 Nf6 6. O-O a6 7. a4 Be7 8. e5
Nh5 9. Nxd4 cxd4 10. Ne4 Qc7 11. Qxh5 Qxc4 12. Qg4 O-O 13. Nf6+ Kh8 14. Nh5 Rg8
15. Qf3 f5 16. exf6 gxf6 17. d3 Qc5 18. Qh3 Rg6 19. Nf4 Rg7 20. Ne2 e5 21. f4
Qxc2 22. Qf3 d6 23. f5 Qc6 24. Qh3 Qc2 25. Qf3 Bxf5 26. Bh6 Rg6 27. Ng3 Bxd3 28.
Rfc1 e4 29. Qf5 e3 30. Rxc2 Bxf5 31. Nxf5 Re8 32. Bf4 d3 33. Rc3 e2 34. Rxd3 Bd8
35. Re1 Ba5 36. Bd2 Bb6+ 37. Be3 Ba5 38. Rxe2 Bb4 39. Nxd6 Re7 40. Nf5 Re8 41.
Kf2 Rg4 42. g3 Rge4 43. Rc2 Ba5 44. Nd6 Kg7 45. Nxe8+ Rxe8 46. Rd7+ Kg6 47. Bf4
b5 48. axb5 axb5 49. Rb7 Be1+ 50. Kg2 b4 51. Bd6 Re4 52. Bf8 h5 53. Rg7+ Kf5 54.
Rc5+ Re5 55. Rxe5+ fxe5 56. Kf3 e4+ 57. Ke2 {Black resigns} 1-0

[Event "Team 45 45 League T79"]
[Site "Internet Chess Club"]
[Date "2019.02.10"]
[Round "6"]
[White "President"]
[Black "QuieroAprender"]
[Result "1-0"]
[WhiteElo "1601"]
[BlackElo "1671"]
[Opening "Nimzovich-Larsen attack: modern variation"]
[ECO "A01"]
[Time "13:06:37"]
[TimeControl "2700+45"]

1. b3 e5 2. Bb2 Nc6 3. e3 d5 4. Bb5 f6 5. d4 a6 6. Bxc6+ bxc6 7. dxe5 fxe5 8.
Bxe5 Nf6 9. Nf3 Bg4 10. O-O Bd6 11. Bxd6 cxd6 12. Nbd2 Ne4 13. h3 Bh5 14. g4 Bg6
15. c4 h5 16. cxd5 hxg4 17. Nxe4 Bxe4 18. Nh2 Rxh3 19. Qxg4 Rh4 20. Qxg7 Rh7 21.
Qg8+ Kd7 22. Qxd8+ Rxd8 23. dxc6+ Kc7 24. f3 Rg8+ 25. Ng4 Bxc6 26. Kf2 Rf7 27.
Kg3 Bd7 28. Rac1+ Kd8 29. e4 Bb5 30. Rf2 Bd7 31. Rc3 Bxg4 32. fxg4 Rxf2 33. Kxf2
Rxg4 34. Ke3 Rg3+ 35. Kd4 Rd3+ 36. Kxd3 {Black resigns} 1-0

[Event "Team 45 45 League T79"]
[Site "Internet Chess Club"]
[Date "2019.02.03"]
[Round "6"]
[White "fishhead"]
[Black "fledermaus"]
[Result "0-1"]
[WhiteElo "1762"]
[BlackElo "1823"]
[Opening "Sicilian defense"]
[ECO "B40"]
[Time "15:04:51"]
[TimeControl "2700+45"]

1. e4 c5 2. Nf3 e6 3. g3 Nc6 4. Bg2 Nf6 5. d3 d5 6. e5 Nd7 7. Bf4 Be7 8. h4 Qc7
9. Qe2 b6 10. Nc3 Ba6 11. Nxd5 exd5 12. e6 Qb7 13. exd7+ Qxd7 14. Bh3 Qd8 15.
Ng5 Nd4 16. Qh5 g6 17. Qh6 Bf8 {White resigns} 0-1

[Event "Team 45 45 League T79"]
[Site "Internet Chess Club"]
[Date "2019.02.03"]
[Round "6"]
[White "LookImYourVader"]
[Black "room-matt"]
[Result "1-0"]
[WhiteElo "1867"]
[BlackElo "1786"]
[Opening "Center game"]
[ECO "C21"]
[Time "13:02:12"]
[TimeControl "2700+45"]

1. e4 e5 2. d4 exd4 3. Nf3 Bb4+ 4. Bd2 Qe7 5. Bd3 Nc6 6. O-O Bxd2 7. Nbxd2 d6 8.
h3 Nf6 9. Nb3 Ne5 10. Nbxd4 O-O 11. Re1 a6 12. c3 Nfd7 13. Nxe5 Nxe5 14. f4 Nxd3
15. Qxd3 Be6 16. e5 dxe5 17. Rxe5 Qd6 18. Qg3 Rad8 19. Rf1 Bxa2 20. Nf5 Qf6 21.
Nxg7 Kh8 22. Nh5 Qg6 23. Rg5 Qb6+ 24. Qf2 Rd2 25. Qxb6 cxb6 26. Rf2 Rd3 27. Nf6
Bb1 28. Kh2 Rd6 29. Ng4 f6 30. Rh5 Bg6 31. Rh4 Bf5 32. Ne3 Bd3 33. Rd2 Rfd8 34.
Rg4 b5 35. Rg3 b6 36. Ng4 Bg6 37. Rxd6 Rxd6 38. Nh6 Rd2 39. f5 {Black resigns}
1-0

[Event "Team 45 45 League T79"]
[Site "Internet Chess Club"]
[Date "2019.02.02"]
[Round "6"]
[White "SuperPuzzler"]
[Black "Goli"]
[Result "1-0"]
[WhiteElo "1834"]
[BlackElo "1668"]
[Opening "Pirc: classical (two knights) system"]
[ECO "B06"]
[Time "12:26:54"]
[TimeControl "2700+45"]

1. e4 g6 2. d4 Bg7 3. Nf3 d6 4. Nc3 Nf6 5. Be3 O-O 6. Qd2 a6 7. a4 e5 8. dxe5
dxe5 9. Qxd8 Rxd8 10. Bg5 Re8 11. O-O-O Nbd7 12. Bc4 Nb6 13. Bb3 Be6 14. Bxe6
Rxe6 15. Nd2 Ng4 16. Bh4 Bh6 17. Kb1 g5 18. Bg3 Rd8 19. Nf3 Rxd1+ 20. Rxd1 Rd6
21. Rd3 Nd7 22. h3 Ngf6 23. Nxe5 Rxd3 24. cxd3 c6 25. Nxd7 Nxd7 26. Kc2 Bg7 27.
f3 f6 28. d4 Kf7 29. Kd3 h5 30. a5 Bf8 31. Kc4 h4 32. Bc7 Ke6 33. d5+ cxd5+ 34.
exd5+ Kf5 35. Ne4 Ne5+ 36. Bxe5 Kxe5 37. Nc5 Bxc5 38. Kxc5 f5 39. b4 {Black
resigns} 1-0

[Event "Team 45 45 League T79"]
[Site "Internet Chess Club"]
[Date "2019.02.04"]
[Round "6"]
[White "Manon"]
[Black "Percival"]
[Result "0-1"]
[WhiteElo "2044"]
[BlackElo "1961"]
[Opening "French: Tarrasch"]
[ECO "C03"]
[Time "06:03:32"]
[TimeControl "2700+45"]

1. e4 e6 2. d4 d5 3. Nd2 dxe4 4. Nxe4 Bd7 5. Bd3 Bc6 6. Nf3 Nd7 7. O-O Ngf6 8.
Qe2 Nxe4 9. Bxe4 Bxe4 10. Qxe4 c6 11. Bf4 Be7 12. c4 O-O 13. b3 Re8 14. Rad1 Qa5
15. a4 Rad8 16. Rfe1 h6 17. c5 Nf6 18. Qc2 Nd5 19. Bd2 Qc7 20. Ne5 Bf6 21. f4
Bxe5 22. fxe5 Ne7 23. Bc3 h5 24. Qe2 g6 25. g4 hxg4 26. Qxg4 Nf5 27. h4 Qe7 28.
h5 Qh4 29. Qxh4 Nxh4 30. Kf2 Nf5 31. Rh1 Kg7 32. hxg6 fxg6 33. Rd3 Rh8 34. Rxh8
Rxh8 35. b4 Rh2+ 36. Kf3 Rh3+ 37. Ke2 Rxd3 38. Kxd3 a6 39. Bd2 Nh6 40. Kc4 Nf7
41. b5 axb5+ 42. axb5 g5 43. bxc6 bxc6 44. Kd3 Kg6 45. Ke4 Nh6 46. Be1 Nf5 47.
Bf2 Ne7 48. Be1 g4 49. Bg3 Kg5 50. Bf2 Nf5 51. Bg1 Ng3+ 52. Ke3 Kf5 53. Kf2 Ne4+
54. Ke3 Nc3 55. Bh2 Nd5+ 56. Kd3 Kg5 57. Bg3 Ne7 58. Ke4 Nf5 59. Be1 g3 60. Kf3
Nxd4+ 61. Kxg3 Kf5 62. Bd2 Kxe5 63. Kf2 Kd5 64. Ba5 Kxc5 65. Bd8 Kd5 66. Ke3 c5
67. Bf6 e5 68. Kd3 c4+ 69. Ke3 Nf5+ 70. Kd2 e4 71. Ke2 Kc5 72. Bc3 Ne7 73. Bg7
Nd5 74. Bf8+ Kb5 75. Ba3 Ka4 76. Bc1 Kb3 77. Ke1 Kc2 78. Bh6 Kd3 79. Bg7 c3 80.
Be5 c2 81. Bb2 Nc3 82. Bc1 Ne2 83. Bb2 c1=Q+ 84. Bxc1 Nxc1 85. Kd1 Nb3 86. Ke1
e3 87. Kf1 e2+ 88. Ke1 Nd4 89. Kf2 Kd2 90. Kg3 e1=Q+ 91. Kf4 Qe3+ 92. Kg4 Qf3+
93. Kg5 Qf5+ 94. Kh4 Qg6 95. Kh3 Nf5 96. Kh2 Qg4 97. Kh1 Ne3 {White resigns} 0-1

[Event "Team 45 45 League T79"]
[Site "Internet Chess Club"]
[Date "2019.02.01"]
[Round "6"]
[White "Merciful"]
[Black "Monterrey"]
[Result "0-1"]
[WhiteElo "1972"]
[BlackElo "1943"]
[Opening "Trompowsky attack (Ruth, Opocenský opening)"]
[ECO "A45"]
[Time "21:01:24"]
[TimeControl "2700+45"]

1. d4 Nf6 2. Bg5 Ne4 3. Bf4 c5 4. d5 Qb6 5. Bc1 e6 6. f3 Nf6 7. c4 exd5 8. cxd5
d6 9. e4 g6 10. Na3 Bg7 11. Nc4 Qd8 12. Bf4 O-O 13. Bxd6 Re8 14. Bxc5 Nxe4 15.
fxe4 Qh4+ 16. Bf2 Qxe4+ 17. Qe2 Bxb2 18. Rd1 Bc3+ 19. Nd2 Bxd2+ 20. Rxd2 Qb1+
21. Rd1 Qb4+ 22. Rd2 Rxe2+ 23. Bxe2 Bf5 24. Nf3 Qb1+ 25. Bd1 Qe4+ 26. Be2 Qb1+
27. Bd1 Nd7 28. O-O Qb4 29. Rd4 Qb2 30. Rd2 Qc3 31. Bd4 Qa5 32. Bf2 Nc5 33. Be1
Rd8 34. Nd4 Rxd5 35. Rdf2 Qd8 36. Nxf5 Rxd1 37. Nh6+ Kg7 38. Nxf7 Qd4 39. Ng5
Kh6 40. Nf7+ Kh5 41. h3 Ne4 42. g4+ Kh4 43. Ne5 Kxh3 44. Nf3 Qe3 45. Kh1 Nxf2+
46. Bxf2 Qxf3+ {White resigns} 0-1

[Event "Team 45 45 League T79"]
[Site "Internet Chess Club"]
[Date "2019.02.02"]
[Round "6"]
[White "Sadhana"]
[Black "gnat"]
[Result "1-0"]
[WhiteElo "1951"]
[BlackElo "2017"]
[Opening "Old Indian: Ukrainian variation"]
[ECO "A53"]
[Time "09:00:24"]
[TimeControl "2700+45"]

1. d4 Nf6 2. c4 d6 3. Nc3 e5 4. dxe5 dxe5 5. Qxd8+ Kxd8 6. Nf3 Nfd7 7. g4 f6 8.
g5 Nc5 9. Be3 Be6 10. O-O-O+ Nbd7 11. gxf6 gxf6 12. Rg1 a5 13. b3 c6 14. Rg3 Kc7
15. Bh3 Bxh3 16. Rxh3 Ne6 17. Ne4 Be7 18. Nh4 Ndc5 19. Nc3 Ng7 20. Bh6 Nce6 21.
Rg1 Ng5 22. Rxg5 fxg5 23. Bxg7 gxh4 24. Bxe5+ Kd7 25. Bxh8 Rxh8 26. Ne4 Rg8 27.
Rd3+ Kc7 28. Kc2 Rg4 29. Re3 Rg2 30. h3 b6 31. f4 Rg1 32. Kd3 Rd1+ 33. Kc3 Ba3
34. f5 Rc1+ 35. Kd4 Bb2+ 36. Kd3 Kd7 37. Rf3 Ke8 38. f6 Be5 39. f7+ Kf8 40. Ng5
Rc3+ 41. Ke4 Rxf3 42. Nxf3 Bg3 43. Ne5 Ke7 44. Kf5 Bf2 45. Nxc6+ Kxf7 46. e4 Be1
47. e5 Bc3 48. e6+ Ke8 49. Kg5 Kf8 50. Kxh4 Kg7 51. Kg5 Bd2+ 52. Kf5 Bc3 53. Ne5
Bb4 54. Nd7 {Black resigns} 1-0

[Event "Team 45 45 League T79"]
[Site "Internet Chess Club"]
[Date "2019.02.01"]
[Round "6"]
[White "jjimalo"]
[Black "lazyLion"]
[Result "1-0"]
[WhiteElo "1762"]
[BlackElo "1718"]
[Opening "Queen's pawn game, Darooha variation "]
[ECO "D02"]
[Time "10:00:18"]
[TimeControl "2700+45"]

1. d4 d5 2. Nf3 Nf6 3. g3 e6 4. Bg2 Be7 5. O-O O-O 6. b3 b6 7. c4 Bb7 8. Bb2
Nbd7 9. Nc3 c5 10. cxd5 Nxd5 11. Rc1 Bf6 12. Re1 Nxc3 13. Bxc3 cxd4 14. Bxd4 Rc8
15. Rxc8 Qxc8 16. Qd2 Rd8 17. Rc1 Nc5 18. Qe3 e5 19. Bxc5 bxc5 20. Nxe5 Bxg2 21.
Kxg2 Re8 22. f4 Bxe5 23. fxe5 Qb7+ 24. Kg1 f6 25. e6 Qd5 26. Rxc5 Qd6 27. Rc4
Rxe6 28. Re4 Re5 29. Rxe5 fxe5 30. Qxa7 Qd1+ 31. Kf2 Qh1 32. Qb8+ Kf7 33. Qxe5
Qxh2+ 34. Kf3 Qh1+ 35. Ke3 Qg1+ 36. Kd2 Qb1 37. Qc7+ Kf8 38. Qc2 Qg1 39. Qf5+
Kg8 40. Qc8+ Kf7 41. Qd7+ Kf8 42. Qd6+ Kf7 43. Qd5+ Kf8 44. a4 Qxg3 45. Qf3+
Qxf3 46. exf3 g5 47. Ke3 h5 48. Kf2 Ke7 49. Kg3 Ke6 50. a5 Kd6 51. b4 Kc6 52. f4
h4+ 53. Kg4 gxf4 54. Kxf4 {Black resigns} 1-0

[Event "Team 45 45 League T79"]
[Site "Internet Chess Club"]
[Date "2019.01.31"]
[Round "6"]
[White "santiagoelawad"]
[Black "primerpaso"]
[Result "1-0"]
[WhiteElo "1974"]
[BlackElo "1842"]
[Opening "English: Mikenas-Carls, Kevitz variation"]
[ECO "A18"]
[Time "20:16:26"]
[TimeControl "2700+45"]

1. c4 Nf6 2. Nc3 e6 3. e4 Nc6 4. d4 Bb4 5. e5 Ne4 6. Qd3 d5 7. Nf3 O-O 8. Be2
Na5 9. cxd5 exd5 10. O-O Bf5 11. Nd1 Be7 12. Ne3 Bg6 13. Qd1 b6 14. Bd2 Nxd2 15.
Qxd2 Qd7 16. Rfc1 Rfd8 17. b4 Nc4 18. Nxc4 dxc4 19. Bxc4 c5 20. bxc5 bxc5 21. d5
Bh5 22. Qf4 Rab8 23. d6 Bf8 24. Ng5 h6 25. Ne4 Rdc8 26. Rc3 Kh8 27. Rh3 Bg4 28.
Rh4 Be6 29. Nf6 Qb7 30. Rc1 Bxc4 31. Rxh6+ gxh6 32. Qf5 {Black forfeits on time}
1-0

[Event "Team 45 45 League T79"]
[Site "Internet Chess Club"]
[Date "2019.02.03"]
[Round "6"]
[White "andrew37"]
[Black "nathanpillay"]
[Result "0-1"]
[WhiteElo "1626"]
[BlackElo "1720"]
[Opening "English: Anglo-Dutch defense"]
[ECO "A10"]
[Time "16:04:09"]
[TimeControl "2700+45"]

1. c4 f5 2. g3 Nf6 3. Bg2 g6 4. b3 Bg7 5. Bb2 O-O 6. Nc3 d6 7. d4 c6 8. e3 e5 9.
dxe5 dxe5 10. Qxd8 Rxd8 11. Nf3 e4 12. Nd4 Na6 13. f3 Nb4 14. Ke2 Nd3 15. Ba3
exf3+ 16. Bxf3 Ne5 17. Rad1 Re8 18. Rhe1 Neg4 19. Bxg4 Nxg4 20. Kf3 Nxh2+ 21.
Kg2 Ng4 22. Kf3 a6 23. Na4 b5 24. Nb6 Rb8 25. c5 Bb7 26. b4 Re4 27. Nc2 Rbe8 28.
Rd7 Ne5+ {White resigns} 0-1

[Event "Team 45 45 League T79"]
[Site "Internet Chess Club"]
[Date "2019.02.02"]
[Round "6"]
[White "Packerfan"]
[Black "calsal"]
[Result "1/2-1/2"]
[WhiteElo "1697"]
[BlackElo "1857"]
[Opening "Scandinavian defense"]
[ECO "B01"]
[Time "10:01:08"]
[TimeControl "2700+45"]

1. e4 d5 2. exd5 Nf6 3. Nc3 Nxd5 4. d4 Nc6 5. Nf3 Bg4 6. Be2 e6 7. O-O Be7 8. h3
Bh5 9. Nxd5 Qxd5 10. c3 O-O-O 11. Bf4 g5 12. Bg3 Qf5 13. Ne5 Nxe5 14. Bxe5 Bxe2
15. Qxe2 f6 16. Bg3 Bd6 17. Bxd6 Rxd6 18. Rfe1 h5 19. f3 Re8 20. Qe4 Qxe4 21.
fxe4 Rb6 22. b3 Kd7 23. Rf1 Rf8 24. Rf2 f5 {Game drawn by mutual agreement}
1/2-1/2

[Event "Team 45 45 League T79"]
[Site "Internet Chess Club"]
[Date "2019.02.03"]
[Round "6"]
[White "julesraider"]
[Black "Gojira"]
[Result "1-0"]
[WhiteElo "1614"]
[BlackElo "1626"]
[Opening "QGD Slav: 4.e3 Bf5"]
[ECO "D12"]
[Time "09:00:52"]
[TimeControl "2700+45"]

1. d4 d5 2. c4 c6 3. Nf3 Nf6 4. e3 Bf5 5. Qb3 Qc7 6. Be2 h6 7. O-O e6 8. Nc3
Nbd7 9. Bd2 Rb8 10. Rac1 Qd8 11. Rfe1 Bd6 12. Bf1 Ne4 13. cxd5 exd5 14. Nxe4
dxe4 15. Ne5 Nxe5 16. dxe5 Bxe5 17. Rc5 Qd6 18. Bb4 Be6 19. Bc4 b6 20. Rd1 Qc7
21. Rxe5 Qxe5 22. Bd6 Bxc4 23. Qxc4 Rd8 24. Qxc6+ {Black resigns} 1-0

[Event "Team 45 45 League T79"]
[Site "Internet Chess Club"]
[Date "2019.02.03"]
[Round "6"]
[White "Bizzy-Ketty"]
[Black "MathBandit"]
[Result "0-1"]
[WhiteElo "1547"]
[BlackElo "1547"]
[Opening "French: advance, Paulsen attack"]
[ECO "C02"]
[Time "09:30:22"]
[TimeControl "2700+45"]

1. e4 e6 2. d4 d5 3. e5 c5 4. c3 Nc6 5. Nf3 Qb6 6. a3 a5 7. Bd3 Nh6 8. dxc5 Bxc5
9. Qe2 Ng4 10. O-O Qc7 11. Bb5 O-O 12. Bxc6 bxc6 13. b3 Ba6 14. c4 a4 15. h3
Nxf2 16. Rxf2 axb3 17. Nbd2 dxc4 18. Nxc4 Qa7 19. Nfd2 Rfd8 20. Bb2 Rxd2 21.
Qxd2 Bxc4 22. Rd1 Bxf2+ 23. Qxf2 Qxf2+ 24. Kxf2 Bd5 25. g3 c5 26. Rc1 c4 27. Ke3
Kf8 28. Kd4 f6 29. h4 Ke7 30. Rf1 f5 31. Kc3 g6 32. Kb4 Kd7 33. Rc1 h6 34. Rg1
g5 35. Bc1 Rb8+ 36. Kc3 f4 37. gxf4 gxf4 38. Kb2 f3 39. Be3 Kc6 40. Bxh6 f2 41.
Rf1 c3+ 42. Kxc3 b2 43. Rb1 Bg2 44. Kc2 f1=Q {White resigns} 0-1

[Event "Team 45 45 League T79"]
[Site "Internet Chess Club"]
[Date "2019.02.05"]
[Round "6"]
[White "Chess4Him"]
[Black "tryanything"]
[Result "1/2-1/2"]
[WhiteElo "1523"]
[BlackElo "1505"]
[Opening "King's Indian: London system"]
[ECO "A45"]
[Time "20:19:01"]
[TimeControl "2700+45"]

1. d4 Nf6 2. Bf4 g6 3. Nf3 d6 4. h3 Bg7 5. e3 O-O 6. Nbd2 c5 7. c3 cxd4 8. exd4
Be6 9. Be2 Qb6 10. Qc1 Nc6 11. O-O Rac8 12. a3 Rfe8 13. Be3 Qc7 14. c4 d5 15. c5
Bd7 16. Rd1 e5 17. Nb3 e4 18. Bf4 Qd8 19. Ne5 Be6 20. Qe3 Nd7 21. Ng4 Bxg4 22.
hxg4 Nf8 23. Bg5 Qd7 24. Rac1 Ne6 25. Bh4 a5 26. Bb5 Ra8 27. a4 Qc8 28. Bg3 Nc7
29. Be2 Na6 30. Bxa6 Rxa6 31. Qg5 Qe6 32. Qf4 Rc8 33. Rc3 Nb4 34. Nc1 Nc6 35.
Ne2 Nb4 36. Nc1 Nc6 {Game drawn by mutual agreement} 1/2-1/2

[Event "Team 45 45 League T79"]
[Site "Internet Chess Club"]
[Date "2019.02.04"]
[Round "6"]
[White "kidcobra"]
[Black "Portola"]
[Result "1/2-1/2"]
[WhiteElo "1801"]
[BlackElo "1770"]
[Opening "French: exchange variation"]
[ECO "C01"]
[Time "19:12:24"]
[TimeControl "2700+45"]

1. e4 e6 2. d4 d5 3. exd5 exd5 4. Nf3 Be7 5. Bd3 Nf6 6. O-O O-O 7. h3 Nbd7 8.
Re1 Re8 9. c3 c6 10. Bg5 b6 11. Ne5 Nxe5 12. dxe5 Nd7 13. Bxe7 Qxe7 14. f4 Bb7
15. Nd2 Nc5 16. Bb1 Rad8 17. Qh5 g6 18. Qg4 f5 19. Qf3 Ne4 20. Nxe4 dxe4 21. Qe3
Ba6 22. a4 Bd3 23. Ba2+ Kh8 24. Rad1 c5 25. Rd2 c4 26. Red1 Qc7 27. g4 Qe7 28.
g5 Qc7 {Game drawn by mutual agreement} 1/2-1/2

[Event "Team 45 45 League T79"]
[Site "Internet Chess Club"]
[Date "2019.02.05"]
[Round "6"]
[White "JWB"]
[Black "evan7284"]
[Result "1-0"]
[WhiteElo "1597"]
[BlackElo "1588"]
[Opening "Petrov: modern (Steinitz) attack"]
[ECO "C43"]
[Time "14:30:25"]
[TimeControl "2700+45"]

1. e4 e5 2. Nf3 Nf6 3. d4 exd4 4. e5 Ne4 5. Bd3 d5 6. Nbd2 Bb4 7. O-O Nc6 8.
Nxe4 dxe4 9. Bxe4 Bg4 10. Bxc6+ bxc6 11. Qxd4 Qxd4 12. Nxd4 c5 13. f3 Bd7 14. c3
Ba5 15. Nb3 Bb6 16. Be3 c4 17. Nd4 O-O 18. Nc2 Bf5 19. Bxb6 cxb6 20. Nd4 Bd3 21.
Rfe1 Rfe8 22. e6 fxe6 23. Nxe6 Re7 24. Kf2 Kf7 25. Nf4 Rae8 26. Rxe7+ Rxe7 27.
Re1 Rd7 28. Nxd3 Rxd3 29. Ke2 Rd5 30. Rd1 Rb5 31. Rd2 Ke6 32. Kd1 Rh5 33. g3 Rf5
34. f4 h5 35. Re2+ Kf7 36. Re4 b5 37. Kc2 Kf6 38. b3 cxb3+ 39. axb3 g5 40. Kd3
h4 41. fxg5+ Kxg5 42. Rxh4 Rf3+ 43. Kd4 a5 44. Rh8 Rf7 45. Ra8 Rd7+ 46. Ke3 Rc7
47. Kd2 Rf7 {Black resigns} 1-0

[Event "Team 45 45 League T79"]
[Site "Internet Chess Club"]
[Date "2019.02.01"]
[Round "6"]
[White "nosir"]
[Black "Kingfisher75"]
[Result "1-0"]
[WhiteElo "1433"]
[BlackElo "1542"]
[Opening "Queen's pawn: London system"]
[ECO "A45"]
[Time "19:01:13"]
[TimeControl "2700+45"]

1. d4 Nf6 2. Bf4 g6 3. e3 Bg7 4. c3 d6 5. Nf3 O-O 6. Nbd2 c5 7. Bd3 Nc6 8. Ne4
cxd4 9. Nxf6+ Bxf6 10. Bh6 Re8 11. cxd4 Qa5+ 12. Qd2 Qh5 13. e4 Nxd4 14. Nxd4
Bxd4 15. Be2 Qc5 16. O-O Qb6 17. Bb5 Rd8 18. Rab1 Be5 19. Be2 Bd7 20. h4 Qd4 21.
Bd3 Bb5 22. Bxb5 Qxe4 23. h5 Qh4 24. g3 Qxh5 25. Be2 Qh3 26. Bf3 Rab8 27. Rfc1
Rdc8 28. Rxc8+ Rxc8 29. Bxb7 Rb8 30. Bg2 Qf5 31. Qc1 Rc8 32. Qe1 Rc2 33. Be4 Qh5
34. Bxc2 Qxh6 35. b4 Qg5 36. Qe3 Qf6 37. Qxa7 Bd4 38. Qa8+ Kg7 39. Qg2 h5 40.
Rf1 Qe6 41. Bb3 Qe2 42. Kh2 Qb5 43. Re1 e6 44. Bxe6 fxe6 45. Rxe6 Qxb4 46. Qe4
Qb2 47. Qxg6+ Kf8 48. Re8# {Black checkmated} 1-0

[Event "Team 45 45 League T79"]
[Site "Internet Chess Club"]
[Date "2019.02.03"]
[Round "6"]
[White "Goli"]
[Black "warsaviensis"]
[Result "1/2-1/2"]
[WhiteElo "1672"]
[BlackElo "1759"]
[Opening "Pirc: Ufimtsev-Pytel variation"]
[ECO "B07"]
[Time "15:00:56"]
[TimeControl "2700+45"]

1. e4 d6 2. d4 Nf6 3. Nc3 c6 4. h3 Qc7 5. Nf3 e5 6. dxe5 dxe5 7. Bg5 Be7 8. Bc4
O-O 9. O-O b5 10. Bxf6 Bxf6 11. Bb3 a5 12. a3 Rd8 13. Qc1 Ba6 14. Rd1 Nd7 15.
Qe3 Be7 16. Ng5 Bxg5 17. Qxg5 Nc5 18. f3 Nxb3 19. cxb3 Qb6+ 20. Kh2 f6 21. Qg3
Rxd1 22. Rxd1 Rd8 23. Qe1 Rxd1 24. Qxd1 Qd4 25. Qe2 Bc8 26. Qc2 Be6 27. Ne2 Qd6
28. Nc1 {Game drawn by mutual agreement} 1/2-1/2

[Event "Team 45 45 League T79"]
[Site "Internet Chess Club"]
[Date "2019.02.01"]
[Round "6"]
[White "ascoli"]
[Black "ChessRooklift"]
[Result "0-1"]
[WhiteElo "1630"]
[BlackElo "1698"]
[Opening "English: symmetrical, main line with d4"]
[ECO "A39"]
[Time "12:35:23"]
[TimeControl "2700+45"]

1. Nf3 Nf6 2. c4 c5 3. Nc3 Nc6 4. g3 g6 5. Bg2 Bg7 6. O-O O-O 7. d4 cxd4 8. Nxd4
Nxd4 9. Qxd4 d6 10. e4 Be6 11. Be3 Ng4 12. Qd3 Ne5 13. Qc2 Nxc4 14. Rfe1 Nxe3
15. Rxe3 Rc8 16. Rd1 Qa5 17. a3 Rc7 18. b4 Qe5 19. f4 Rxc3 20. Qd2 Rxe3 21. fxe5
Rxa3 22. exd6 exd6 23. Qxd6 Rc8 24. e5 Bf8 25. Qd4 Rc4 26. Qb2 Ra4 27. Rd8 Raxb4
28. Qd2 Kg7 29. Rb8 Bc5+ 30. Kh1 Rb1+ 31. Bf1 Rxf1+ {White resigns} 0-1

[Event "Team 45 45 League T79"]
[Site "Internet Chess Club"]
[Date "2019.02.03"]
[Round "6"]
[White "Egmont"]
[Black "DaveTheRook"]
[Result "1-0"]
[WhiteElo "1618"]
[BlackElo "1562"]
[Opening "Queen's pawn game"]
[ECO "A45"]
[Time "12:01:58"]
[TimeControl "2700+45"]

1. d4 Nf6 2. e3 e6 3. c3 b6 4. Nf3 Bb7 5. Nbd2 d5 6. Bb5+ c6 7. Bd3 Ba6 8. Bxa6
Nxa6 9. Qe2 Nb8 10. O-O Nbd7 11. e4 dxe4 12. Nxe4 Nxe4 13. Qxe4 Rc8 14. Bg5 Be7
15. Bxe7 Qxe7 16. b4 O-O 17. Ne5 Nxe5 18. Qxe5 Rfd8 19. Rfd1 Rd5 20. Qe4 Qf6 21.
Rd3 Qf5 22. Qe2 Rcd8 23. Rf3 Qg5 24. Re1 R5d7 25. Rh3 Rd5 26. Qc2 Qf5 27. Qa4 c5
28. dxc5 bxc5 29. b5 Qg5 30. Rhe3 Rd2 31. Qxa7 Qd5 32. Rf3 Rd7 33. Qb8+ Rd8 34.
Qa7 e5 35. h3 Rd1 36. Rxd1 Qxd1+ 37. Kh2 f6 38. b6 e4 39. Rg3 Rd7 40. b7 {Black
forfeits on time} 1-0

[Event "Team 45 45 League T79"]
[Site "Internet Chess Club"]
[Date "2019.02.03"]
[Round "6"]
[White "pokerram"]
[Black "scostanzo212"]
[Result "0-1"]
[WhiteElo "1557"]
[BlackElo "1564"]
[Opening "Sicilian: Sozin attack"]
[ECO "B86"]
[Time "11:31:07"]
[TimeControl "2700+45"]

1. e4 c5 2. Nf3 d6 3. d4 cxd4 4. Nxd4 Nf6 5. Nc3 e6 6. Bc4 Be7 7. Bb3 O-O 8. Be3
Na6 9. Ndb5 Nc5 10. Bxc5 dxc5 11. Qxd8 Rxd8 12. O-O Bd7 13. a4 Bc6 14. f3 a6 15.
Na3 b6 16. Rad1 Rab8 17. Rxd8+ Bxd8 18. Rd1 Bc7 19. Bc4 Ra8 20. b3 g6 21. g3 Be5
22. Ne2 Bb2 23. Nb1 b5 24. Bxe6 fxe6 25. Rd6 Rc8 26. Rxe6 Kf7 27. Rd6 Be5 28.
Rd1 Bc7 29. axb5 axb5 30. c4 b4 31. Nf4 Ra8 32. Nd2 Be5 33. Nd5 Bd4+ 34. Kf1 Ra3
35. Rb1 Ra2 36. Nxf6 Kxf6 37. Rd1 Bd7 38. e5+ Kxe5 39. Re1+ Kf6 40. Ne4+ Kg7 41.
Rd1 Bh3+ 42. Ke1 Rxh2 43. Rd3 Bf5 44. g4 Bxe4 45. fxe4 Kf6 46. Kd1 Ke5 47. g5
Kxe4 48. Rg3 Kf4 49. Rd3 Kxg5 50. Rxd4 cxd4 51. c5 Kf6 52. c6 Ke7 53. c7 Kd7
{White resigns} 0-1

[Event "Team 45 45 League T79"]
[Site "Internet Chess Club"]
[Date "2019.01.31"]
[Round "6"]
[White "Ajolote"]
[Black "justice02"]
[Result "1-0"]
[WhiteElo "1893"]
[BlackElo "1608"]
[Opening "Caro-Kann: classical variation"]
[ECO "B18"]
[Time "22:16:28"]
[TimeControl "2700+45"]

1. e4 c6 2. d4 d5 3. Nc3 dxe4 4. Nxe4 Bf5 5. Nc5 b6 6. Nb3 e6 7. Nf3 Nf6 8. Bd3
Bg6 9. O-O Bd6 10. Bg5 Nbd7 11. c4 Qc7 12. Re1 Bh5 13. h3 O-O 14. Nbd2 Bg6 15.
Bxg6 hxg6 16. Qc2 Bf4 17. Bxf4 Qxf4 18. g3 Qh6 19. Kg2 c5 20. Rad1 Rfd8 21. Ne4
cxd4 22. Rxd4 Rac8 23. Red1 Rc7 24. Nxf6+ gxf6 25. Qa4 b5 26. Qxb5 Rb8 27. Qa5
Nb6 28. c5 Nd5 29. Rxd5 {Black resigns} 1-0

[Event "Team 45 45 League T79"]
[Site "Internet Chess Club"]
[Date "2019.02.04"]
[Round "6"]
[White "zepled37"]
[Black "Insan996"]
[Result "1-0"]
[WhiteElo "1738"]
[BlackElo "1600"]
[Opening "Réti opening"]
[ECO "A05"]
[Time "19:42:31"]
[TimeControl "2700+45"]

1. Nf3 Nf6 2. g3 d5 3. Bg2 Bg4 4. O-O Bxf3 5. exf3 e5 6. Re1 Bd6 7. d4 e4 8.
fxe4 Nxe4 9. f3 f5 10. c4 O-O 11. fxe4 dxe4 12. Nc3 Nc6 13. Be3 Qe7 14. c5 Bxg3
15. hxg3 Kh8 16. a3 Rad8 17. b4 Qf6 18. Ne2 Ne5 19. dxe5 Rxd1 20. exf6 Rxe1+ 21.
Rxe1 {Black resigns} 1-0